 Dungeon Crawl Stone Soup version 0.22-a0-398-g8bb545f (webtiles) character file.

187 emperorscorpion the Covered (level 5, 0/33 HPs)
             Began as a Gargoyle Fighter on May 6, 2018.
             Slain by an orc
             ... wielding a +0 flail
              (2 damage)
             ... on level 3 of the Dungeon.
             The game lasted 00:04:08 (2661 turns).

emperorscorpion the Covered (Gargoyle Fighter)      Turns: 2661, Time: 00:04:09

Health: 0/33       AC: 13    Str: 20    XL:     5   Next: 66%
Magic:  5/5        EV:  8    Int:  9    God:
Gold:   106        SH: 10    Dex:  9    Spells: 4/4 levels left

rFire    . . .     SeeInvis .   a - +1 flail
rCold    . . .     Gourm    .   c - +1 shield
rNeg     + . .     Faith    .   b - +0 scale mail
rPois    ∞         Spirit   .   k - +0 helmet
rElec    +         Reflect  .   (no cloak)
rCorr    .         Harm     .   h - +0 pair of gloves (curse)
MR       .....                  (no boots)
Stlth    ..........             (no amulet)
HPRegen  0.11/turn              (no ring)
MPRegen  0.09/turn              (no ring)

@: no status effects
A: negative energy resistance 1, electricity resistance, unbreathing,
petrification resistance, rot immunity, AC +4
a: no special abilities


You were on level 3 of the Dungeon.
You were hungry.

You visited 1 branch of the dungeon, and saw 3 of its levels.

You collected 106 gold pieces.

Inventory:

Hand Weapons
 a - a +1 flail (weapon)
Missiles
 j - 13 poisoned needles
Armour
 b - a +0 scale mail (worn)
 c - a +1 shield (worn)
 h - a cursed +0 pair of gloves (worn)
 k - a +0 helmet (worn)
Scrolls
 o - 3 scrolls of teleportation {unknown}
 p - 2 scrolls of identify {unknown}
 t - a scroll of fog {unknown}
 u - a scroll of blinking {unknown}
 v - a scroll of amnesia {unknown}
Potions
 d - a potion of might
 i - 2 potions of cancellation {unknown}
 l - a potion of lignification {unknown}
 m - 4 potions of flight {unknown}
 n - a potion of brilliance {unknown}
 q - a potion of curing {unknown}
 r - a potion of magic {unknown}
 s - a potion of haste {unknown}
 w - a potion of berserk rage {unknown}
Comestibles
 f - 7 rations
 g - 2 chunks of flesh


   Skills:
 + Level 3.8 Fighting
 + Level 3.3 Maces & Flails
 + Level 4.5 Armour
 + Level 1.2 Dodging
 + Level 4.2 Shields


You had 4 spell levels left.
You didn't know any spells.

Dungeon Overview and Level Annotations

Branches:
Dungeon (3/15)

Altars:


Innate Abilities, Weirdness & Mutations

You are resistant to torment.
Your stone body is resilient. (AC +4)
You are immune to poison.
You resist negative energy. (rN+)
You are resistant to electric shocks. (rElec)
You can survive without breathing.
You are immune to petrification.
You are immune to rotting.


Message History

You found a teleport trap!
There is an escape hatch in the ceiling here.
An orc warrior comes into view.
It is wielding a scimitar of protection.
The orc warrior shouts!
You hear a shout! x2
You aren't carrying any items that you can evoke.
It was a potion of heal wounds.
You feel much better.
An orc comes into view. It is wielding a flail.
You hit the orc warrior but do no damage.
The orc warrior hits you with a scimitar of protection.
You hit the orc warrior.
The orc warrior is lightly wounded.
The orc warrior hits you with a scimitar of protection!
You are feeling hungry.
You closely miss the orc warrior.
The orc warrior is lightly wounded.
The orc warrior hits you with a scimitar of protection!
Ouch! That really hurt!
* * * LOW HITPOINT WARNING * * *
The orc hits you with a flail.
You die...

.##.# .##[# .##.#####
(.......# ..#.##..#
###.##..#
##.##..############
#.........>.....o.#####
##..##..........@o......
)...####.##.######..####
###.####.##.# .#
#..<.##.##.# #
##.#.##.##.#
###.##.#..######.
#.##.#<........
#.##.#.#######.
#.##.#.#######.#


You could see an orc warrior and an orc.

Vanquished Creatures
  Robin (D:2)
  8 adders
  An ooze (D:2)
  3 worms (D:2)
  3 leopard geckos
  3 orcs (D:3)
  A ball python (D:1)
  2 giant cockroaches
  20 goblins
  11 hobgoblins
  4 jackals (D:1)
  7 kobolds
  2 quokkas (D:2)
  3 bats
  5 frilled lizards
  11 rats
85 creatures vanquished.

Notes
Turn   | Place    | Note
-------+----------+-------------------------------------------
     0 | D:1      | emperorscorpion the Gargoyle Fighter began the quest for the Orb.
     0 | D:1      | Reached XP level 1. HP: 14/14 MP: 1/1
    29 | D:1      | Reached XP level 2. HP: 18/19 MP: 2/2
   489 | D:1      | Reached XP level 3. HP: 18/23 MP: 3/3
   955 | D:2      | Noticed Robin
   988 | D:2      | Killed Robin
   988 | D:2      | Reached XP level 4. HP: 26/28 MP: 4/4
  1614 | D:2      | Reached XP level 5. HP: 32/33 MP: 5/5
  1632 | D:2      | Reached skill level 1 in Dodging
  2657 | D:3      | Noticed an orc warrior
  2661 | D:3      | Slain by an orc

Vault maps used:
D:1:      scummos_arrival_checkerplants, serial_bayou_pond_e
D:2:      minmay_hexomino_p4, uniq_robin

Skill      XL: |  1  2  3  4  5 |
---------------+----------------+-----
Armour         | 4 |  4.5
Shields        | 4 |  4.2
Dodging        | 1 |  1.2
Maces & Flails | 3 |  3.3
Fighting       | |  3.8

Action                   |  1- 3 |  4- 6 || total
-------------------------+-------+-------++-------
Melee: Flail             |   141 |   210 ||   351
  Use: Scroll            |     2 |       ||     2
       Potion            |       |     1 ||     1
  Eat: Chunk             |       |     6 ||     6
Armor: Scale mail        |    80 |    92 ||   172
Dodge: Dodged            |    40 |    61 ||   101
Block: Shield            |    66 |   103 ||   169

Table legend:
 A = Spawn XP
 B = Non-spawn XP
 C = Spawn XP percentage of total XP
 D = Spawn monster count
 E = Non-spawn monster count
 F = Spawn count percentage of total count
 G = Total turns spent on level
                    A         B        C        D         E        F      G
               +---------+---------+-------+---------+---------+-------+---------
         Total |       0 |     268 |   0.0 |       0 |      85 |   0.0 |  2661
               +---------+---------+-------+---------+---------+-------+---------
           D:1 |       0 |      47 |   0.0 |       0 |      29 |   0.0 |   870
           D:2 |       0 |     153 |   0.0 |       0 |      39 |   0.0 |  1212
           D:3 |       0 |      68 |   0.0 |       0 |      17 |   0.0 |   579
               +---------+---------+-------+---------+---------+-------+---------
